 Dungeon Crawl Stone Soup version 0.30-a0-1124-g6e8f0f562f (webtiles) character file.

Game seed: 14918159169333892797

682 Sobieck the Ruffian (level 7, -3/52 HPs)
             Began as a White Draconian Transmuter on Apr 23, 2023.
             Killed from afar by an oklob sapling (26 damage)
             ... with a splash of acid
             ... on level 5 of the Dungeon.
             The game lasted 00:13:18 (4139 turns).

Sobieck the Ruffian (White Draconian Transmuter)    Turns: 4139, Time: 00:13:18

Health: -3/52      AC:  3    Str: 14    XL:     7   Next: 34%
Magic:  9/10       EV: 13    Int: 14    God:
Gold:   70         SH:  0    Dex: 11    Spells: 9/10 levels left

rFire   . .          .
                       - Unarmed
rCold   + . .        f - orb {light}
rNeg    . . .        (body armour unavailable)
rPois   .            (helmet currently unavailable)
rElec   .            (no cloak)
rCorr   .            m - +0 pair of gloves
SInv    .            (boots currently unavailable)
Will    .....        (no amulet)
Stlth   +            (no ring)
HPRegen 0.28/turn    (no ring)
MPRegen 0.12/turn

%: no passive effects
@: short of breath, appendages, corroded, glowing
A: horns 2, talons 2, breathe frost, AC +6, unfitting armour, cold resistance 1,
cold-blooded
a: Breathe Frost, End Transformation


You were on level 5 of the Dungeon.
You had temporarily grown beastly horns and talons.
You visited 1 branch of the dungeon, and saw 5 of its levels.

You collected 196 gold pieces.
You spent 126 gold pieces at shops.


Innate Abilities, Weirdness & Mutations

You have temporarily grown beastly horns and talons.
You can breathe waves of freezing cold which knock back foes.
Your icy white scales are hard. (AC +6)
You cannot fit into any form of body armour.
Your flesh is cold resistant. (rC+)
You are cold-blooded and may be slowed by cold attacks.


   Skills:
 - Level 1.1 Fighting
 + Level 4.3 Dodging
 - Level 2.0 Stealth
 * Level 7.0 Unarmed Combat
 - Level 2.0 Spellcasting
 - Level 2.0 Transmutations


You had 9 spell levels left.
You knew the following spells:

 Your Spells              Type           Power      Damage    Failure   Level
a - Beastly Appendage     Tmut           14%        N/A       11%         1

Your spell library contained the following spells:

 Spells                   Type           Power      Damage    Failure   Level
 Sting                    Tmut/Pois      16%        1d3       16%         1
 Wereblood                Tmut           7%         N/A       16%         2
 Poisonous Vapours        Pois/Air       2%         N/A       34%         2
 Sublimation of Blood     Necr           1%         N/A       34%         2
 Spider Form              Tmut/Pois      4%         N/A       43%         3
 Frozen Ramparts          Ice            2%         1d1       56%         3
 Ice Form                 Ice/Tmut       4%         N/A       83%         4
 Olgreb's Toxic Radiance  Pois           1%         N/A       93%         4
 Summon Ice Beast         Ice/Summ       1%         N/A       93%         4
 Summon Hydra             Summ           0%         N/A       100%        7

Inventory:

Missiles
 c - 33 stones {throwing}
 e - 5 poisoned darts {throwing}
 i - 3 boomerangs {throwing}
Armour
 f - an orb of light (worn)
   (You found it on level 4 of the Dungeon)
 m - a +0 pair of gloves (worn)
   (You found it on level 1 of the Dungeon)
Wands
 r - a wand of polymorph (4)
   (You found it on level 4 of the Dungeon)
Scrolls
 d - 3 scrolls of fog
 h - a scroll of fear {unknown}
 j - a scroll of immolation {unknown}
 n - 3 scrolls of teleportation {@r4}
 q - a scroll of poison {unknown}
Potions
 a - a potion of lignification {!q}
 b - a potion of flight
 g - a potion of attraction {unknown}
 l - a potion of curing {@q1}
 o - 2 potions of ambrosia
 p - 2 potions of brilliance
 s - a potion of heal wounds {@q2}

Dungeon Overview and Level Annotations

Branches:
Dungeon (5/15) Zot: 25865  Temple (0/1) D:5

Altars:

Shops:
D:1 !   D:2 =

Annotations:
D:5 exclusion: oklob sapling

#...............
#..............
#......<...#
#..........#
#..........#
#........[.####
#......P..PP..#
#.......P.P.P.#...
#......PP.@PPP....
#.......P.>PPP....
######.PP.PP...##
#P.PPP.P..#
#....P....#
####......#
#......# ########


You could see an oklob sapling.


Message History

The adder bites you but does no damage. The sleepcap barely misses you.
Unknown command.
You hit the sleepcap. You tail-slap the sleepcap. The adder bites you.
You are poisoned.
The adder poisons you! The sleepcap barely misses you.
You hit the sleepcap but do no damage. You claw the sleepcap.
You feel sick. The adder closely misses you.
The sleepcap releases spores at you.
You are engulfed in a cloud of soporific spores!
You fall asleep.
You wake up.
You hit the sleepcap.
You feel sick. The adder closely misses you. The sleepcap barely misses you.
Unknown command.
You punch the sleepcap! You claw the sleepcap. You headbutt the sleepcap.
You feel sick. The adder bites you but does no damage. The adder misses you.
The sleepcap releases spores at you.
You are engulfed in a cloud of soporific spores!
You are unaffected.
Unknown command.
You hit the sleepcap. You claw the sleepcap.
You destroy the sleepcap!
You feel sick. The adder bites you but does no damage.
Your Unarmed Combat skill increases to level 7!
Unknown command.
You hit the adder. The adder completely misses you.
Unknown command.
You punch the adder!
You kill the adder!
Your horns disappear.
Your talons disappear.
You feel sick.
You feel sick.
You are no longer poisoned.
You see here an adder corpse.
You have got your breath back.
There is a stone staircase leading down here.
You start resting.
Unknown command.
You start waiting.
Done waiting.
You start waiting.
Done waiting.
Unknown command.
You start waiting.
Done waiting.
Unknown command.
Unknown command.
This staircase leads to a travel-excluded area!
Enter next level anyway?
Okay, then.
This staircase leads to a travel-excluded area!
Enter next level anyway?
You climb downwards.
Level annotation: exclusion: oklob sapling
There is a stone staircase leading up here.
Danger!
Aiming: Breathe Frost (5% risk of failure)
Press: ? - help, Shift-Dir - straight line
Okay, then.
Unknown command.
Unknown command.
Aiming: Breathe Frost (5% risk of failure)
Press: ? - help, Shift-Dir - straight line, f - oklob sapling
Aim: an oklob sapling (100% to hit)
You exhale a wave of freezing cold.
The freezing breath hits the plant!
The plant begins to die.
The freezing breath hits the plant!
The plant begins to die.
The freezing breath hits the oklob sapling!
Unknown command.
Unknown command.
You hit the plant.
A nearby plant withers and dies.
Unknown command.
A nearby plant withers and dies.
The oklob sapling spits acid at you. The splash of acid hits you!!
Ouch! That really hurt!
* * * LOW HITPOINT WARNING * * *
The acid corrodes you!
Unknown command.
You hit the oklob sapling but do no damage.
You tail-slap the oklob sapling, but do no damage.
Unknown command.
You hit the oklob sapling but do no damage.
Unknown command.
You hit the oklob sapling.
You tail-slap the oklob sapling, but do no damage.
Unknown command.
Casting: Beastly Appendage (safe; 11% risk of failure)
Confirm with . or Enter, or press ? or * to list all spells.
You grow a pair of large bovine horns.
Your feet morph into talons.
Unknown command.
You hit the oklob sapling but do no damage.
You headbutt the oklob sapling, but do no damage.
You hit the oklob sapling but do no damage.
You claw the oklob sapling, but do no damage.
You headbutt the oklob sapling, but do no damage.
You tail-slap the oklob sapling. The oklob sapling spits acid at you.
The splash of acid hits you!!
Ouch! That really hurt!
You die...

Skill      XL: |  1  2  3  4  5  6  7 |
---------------+----------------------+-----
Stealth        | 1 2 |  2.0
Dodging        | 2 3 4 |  4.3
Unarmed Combat | 4 5 6 7 |  7.0
Fighting       | |  1.1
Spellcasting   | |  2.0
Transmutations | |  2.0

Action                     |  1- 3 |  4- 6 |  7- 9 || total
---------------------------+-------+-------+-------++-------
  Melee: Unarmed           |    66 |   196 |    23 ||   285
         Headbutt          |    10 |    29 |     3 ||    42
         Kick              |    17 |    42 |     5 ||    64
         Tailslap          |     4 |    22 |     4 ||    30
         Punch             |       |     6 |       ||     6
   Cast: Beastly Appendage |    27 |    45 |     3 ||    75
Ability: Breathe Frost     |       |       |     5 ||     5
    Use: Scroll            |       |     6 |       ||     6
   Stab: Sleeping          |     5 |     2 |       ||     7
 Armour: Skin              |    15 |    63 |    10 ||    88
  Dodge: Dodged            |    32 |   133 |    16 ||   181

Levels and vault maps discovered:
D:1:      psy_arrival_terrarium, layout_loops_cross, serial_shops, shop,
          shapermc_ecumenical_altar_starsandcircs, minmay_tromino_v7
D:2:      layout_rooms, serial_shops, shop, uniq_natasha
D:3:      layout_basic, nicolae_underground_beach
D:4:      dreamdust_elfheim, layout_cave_pools
D:5:      layout_basic, minmay_temple_entry_oklob, serial_shops,
          nicolae_shop_industrial_runoff, nicolae_take_the_stairs,
          nicolae_shop_statue_plus, nicolae_shop_tiny_real_fake_doors

Notes
Turn   | Place    | Note
-------+----------+-------------------------------------------
     0 | D:1      | Sobieck the Draconian Transmuter began the quest for the
                  | Orb.
     0 | D:1      | Reached XP level 1. HP: 16/16 MP: 3/3
    78 | D:1      | Reached skill level 1 in Stealth
   123 | D:1      | Reached XP level 2. HP: 20/23 MP: 1/5
   296 | D:1      | Reached skill level 2 in Stealth
   493 | D:1      | Found a faded altar of an unknown god.
   499 | D:1      | Reached skill level 2 in Dodging
   625 | D:1      | Found Fozasih's Distillery.
   633 | D:1      | Reached XP level 3. HP: 25/28 MP: 4/6
   683 | D:1      | Bought a potion of degeneration for 14 gold pieces
   683 | D:1      | Bought a potion of curing for 42 gold pieces
   992 | D:2      | Noticed Natasha
   994 | D:2      | Found Obbid's Jewellery Boutique.
  1000 | D:2      | Killed Natasha
  1001 | D:2      | Reached skill level 4 in Unarmed Combat
  1001 | D:2      | Reached XP level 4. HP: 19/35 MP: 5/7
  1004 | D:2      | You pick up a book of Blood and begin reading...
  1004 | D:2      | You add the spells Sublimation of Blood and Summon Hydra to
                  | your library.
  1113 | D:2      | Noticed Natasha
  1118 | D:2      | Killed Natasha
  1218 | D:2      | Noticed Natasha
  1333 | D:2      | Killed Natasha
  1532 | D:3      | Reached XP level 5. HP: 40/40 MP: 6/8
  1841 | D:3      | Reached skill level 3 in Dodging
  1938 | D:3      | Reached skill level 5 in Unarmed Combat
  2370 | D:1      | Bought a potion of heal wounds for 70 gold pieces
  2580 | D:3      | Reached XP level 6. HP: 28/47 MP: 7/9
  2800 | D:4      | You add the spells Sting, Poisonous Vapours and Olgreb's
                  | Toxic Radiance to your library.
  2890 | D:4      | Reached skill level 6 in Unarmed Combat
  3307 | D:4      | Reached skill level 4 in Dodging
  3359 | D:4      | You pick up a book of Rime and begin reading...
  3359 | D:4      | You add the spells Frozen Ramparts and Summon Ice Beast to
                  | your library.
  3399 | D:4      | Your scales start taking on an icy white colour.
  3399 | D:4      | Reached XP level 7. HP: 36/52 MP: 10/10
  3399 | D:4      | Gained mutation: Your flesh is cold resistant. (rC+) [White
                  | Draconian growth]
  3662 | D:5      | Entered Level 5 of the Dungeon
  3662 | D:5      | Found a staircase to the Ecumenical Temple.
  3789 | D:4      | Reached skill level 7 in Unarmed Combat
  4139 | D:5      | Killed from afar by an oklob sapling

Vanquished Creatures
  A scorpion (D:4)
  A jelly (D:4)
  2 orc priests
  A sleepcap (D:4)
  A gnoll bouda (D:4)
  3 iguanas (D:4)
  Natasha (thrice) (D:2)
  4 orc wizards
  7 gnolls (D:3)
  5 adders
  An ufetubus (D:3)
  3 worms
  2 dart slugs
  9 orcs
  5 endoplasms
  5 giant cockroaches
  6 goblins
  6 hobgoblins
  9 jackals
  10 kobolds
  4 quokkas
  5 ball pythons
  5 bats
  6 frilled lizards
  11 rats
115 creatures vanquished.

Vanquished Creatures (others)
  2 plants (D:5)
2 creatures vanquished.

Grand Total: 117 creatures vanquished

Table legend:
 A = Non-vault XP
 B = Vault XP
 C = Vault XP percentage of total XP
 D = Non-vault monster count
 E = Vault monster count
 F = Vault count percentage of total count
                 A         B        C        D         E       F
            +---------+---------+-------+---------+---------+-------
      Total |     932 |      43 |   4.4 |     110 |       5 |   4.3
            +---------+---------+-------+---------+---------+-------
        D:1 |      51 |       8 |  13.6 |      32 |       4 |  11.1
        D:2 |      95 |      35 |  26.9 |      18 |       1 |   5.3
        D:3 |     288 |       0 |   0.0 |      36 |       0 |   0.0
        D:4 |     498 |       0 |   0.0 |      24 |       0 |   0.0
            +---------+---------+-------+---------+---------+-------

Illustrated notes

Table legend:
 A = Kills in this place as a percentage of kills in the entire game.
 B = Kills by you in this place as a percentage of kills by you in the entire game.
 C = Kills by friends in this place as a percentage of kills by friends in the entire game.
 D = Other kills in this place as a percentage of other kills in the entire game.
 E = Experience gained in this place as a percentage of experience gained in the entire game.
 F = Experience gained in this place divided by the number of levels of this place that you have seen.
                   A       B       C       D       E      F
               +-------+-------+-------+-------+-------+----------------------
         Total | 100.0 | 100.0 |   N/A |   N/A | 100.0 | 195.0
       Dungeon | 100.0 | 100.0 |   N/A |   N/A | 100.0 | 195.0
               +-------+-------+-------+-------+-------+----------------------

Table legend: (Time is in decaauts)
 A = Elapsed time spent in this place.
 B = Non-inter-level travel time spent in this place.
 C = Inter-level travel time spent in this place.
 D = Time resting spent in this place.
 E = Time spent auto-exploring this place.
 F = Levels seen in this place.
 G = Mean time per level.
                   A        B        C        D        E       F      G
               +--------+--------+--------+--------+--------+-----+--------+
         Total |   4133 |   3830 |    303 |    861 |   1979 |   5 |  826.6 |
       Dungeon |   4133 |   3830 |    303 |    861 |   1979 |   5 |  826.6 |
               +--------+--------+--------+--------+--------+-----+--------+

Top non-repeatable levels by time:
     D:3: 1300 daAuts
     D:4: 1287 daAuts
     D:1: 929 daAuts
     D:2: 594 daAuts
     D:5: 23 daAuts
